 Dungeon Crawl Stone Soup version 0.31.0-12-g77e489cdc1 (webtiles) character file.

Game seed: 15111802764606192342

78445 gohu the Earth Mage (level 15, -1/96 HPs)
             Began as a Gargoyle Earth Elementalist on Feb 25, 2024.
             Was an Elder of Vehumet.
             Slain by a phantasmal warrior (23 damage)
             ... led by a death knight
             ... on level 13 of the Dungeon.
             The game lasted 01:18:38 (27923 turns).

gohu the Earth Mage (Gargoyle Earth Elementalist)  Turns: 27923, Time: 01:18:39

Health: -1/96      AC: 29    Str: 12    XL:     15   Next: 60%
Magic:  8/28       EV: 11    Int: 35    God:    Vehumet [****..]
Gold:   474        SH:  7    Dex: 10    Spells: 8/33 levels left

rFire   . . .        M - staff of conjuration
rCold   + . .        R - +0 kite shield
rNeg    + . .        Y - +2 robe {rC+}
rPois   ∞            Q - +2 helmet
rElec   +            x - +2 cloak
rCorr   .            h - +2 pair of gloves
SInv    .            r - +2 pair of boots
Will    +....        e - amulet of the acrobat
Stlth   ++           t - +6 ring of intelligence
HPRegen 0.36/turn    C - +6 ring of intelligence
MPRegen 0.21/turn

%: acrobat
@: flying, studying Alchemy
A: sickness immunity, AC +11, big wings, negative energy resistance 1,
electricity resistance, torment resistance 1, petrification resistance
a: Renounce Religion


You were on level 13 of the Dungeon.
You worshipped Vehumet.
Vehumet was greatly pleased with you.
You visited 3 branches of the dungeon, and saw 20 of its levels.
You also visited: Ossuary.

You collected 1602 gold pieces.
You spent 1128 gold pieces at shops.

Inventory:

Hand Weapons
 S - a +1 demon whip of venom
Missiles
 p - 15 poisoned darts
 J - 2 throwing nets
 O - 16 boomerangs (quivered)
Armour
 h - a +2 pair of gloves (worn)
 q - a +0 hat of willpower
 r - a +2 pair of boots (worn)
 s - a +2 robe of willpower
 x - a +2 cloak (worn)
 Q - a +2 helmet (worn)
 R - a +0 kite shield (worn)
 Y - a +2 robe of cold resistance (worn)
Magical Staves
 M - a staff of conjuration (weapon)
 Z - a staff of alchemy
Jewellery
 d - a ring of see invisible
 e - an amulet of the acrobat (around neck)
 t - a +6 ring of intelligence (left hand)
 y - a ring of willpower
 C - a +6 ring of intelligence (right hand)
 H - a ring of positive energy
Wands
 v - a wand of charming (14)
 N - a wand of flame (64)
 T - a wand of roots (11)
 X - a wand of quicksilver (3)
Scrolls
 a - a scroll of summoning
 f - 4 scrolls of vulnerability
 i - 5 scrolls of enchant weapon
 j - 3 scrolls of fear
 k - 13 scrolls of teleportation {unknown}
 l - 7 scrolls of enchant armour
 m - a scroll of blinking
 n - a scroll of poison
 u - 4 scrolls of noise
 U - 2 scrolls of fog
Potions
 b - a potion of magic
 g - 5 potions of lignification
 w - a potion of berserk rage
 z - 5 potions of haste
 A - 4 potions of enlightenment
 B - 4 potions of might
 D - 4 potions of curing
 E - 4 potions of attraction
 F - 3 potions of mutation
 G - 3 potions of heal wounds
 I - a potion of experience {unknown}
 K - a potion of brilliance
 V - 12 potions of ambrosia
 W - 3 potions of degeneration
Miscellaneous
 c - a phial of floods
 o - a box of beasts


   Skills:
 - Level 12.0 Fighting
 - Level 9.1 Armour
 - Level 6.1 Dodging
 - Level 2.1 Stealth
 * Level 2.1 Shields
 + Level 9.7 Spellcasting
 * Level 15.4 Conjurations
 * Level 16.6 Earth Magic
 - Level 5.0 Alchemy
 + Level 2.0 Evocations


You had 8 spell levels left.
You knew the following spells:

 Your Spells              Type           Power      Damage    Failure   Level
a - Sandblast             Erth           100%       2d20      0%          1
b - Stone Arrow           Conj/Erth      100%       3d13      1%          3
c - Iskenderun's Battles  Conj           100%       2d15      1%          5
d - Passwall              Erth           93%        N/A       1%          3
e - Orb of Destruction    Conj           56%        9d14      4%          7
f - Bombard               Conj/Erth      57%        9d9       1%          6

Your spell library contained the following spells:

 Spells                   Type           Power      Damage    Failure   Level
 Foxfire                  Conj/Fire      100%       2x1d9     1%          1
 Sting                    Conj/Alch      100%       1d9       1%          1
 Mercury Vapours          Alch/Air       68%        N/A       1%          2
 Dazzling Flash           Conj/Hex       100%       N/A       1%          3
 Hailstorm                Conj/Ice       82%        3d14      1%          3
 Brom's Barrelling Bould  Conj/Erth      100%       2d11      1%          4
 Flame Wave               Conj/Fire      82%        2d18      1%          4
 Petrify                  Alch/Erth      75%        N/A       1%          4
 Olgreb's Toxic Radiance  Alch           51%        N/A       3%          4
 Arcjolt                  Conj/Air       41%        1d51      3%          5
 Fireball                 Conj/Fire      41%        3d17      3%          5
 Volatile Blastmotes      Fire/Tloc      34%        2d12      9%          3
 Borgnjor's Vile Clutch   Necr/Erth      33%        N/A       10%         5
 Apportation              Tloc           34%        N/A       11%         1
 Necrotise                Necr           68%        1d7       11%         1
 Summon Small Mammal      Summ           68%        N/A       11%         1
 Ensorcelled Hibernation  Hex/Ice        34%        N/A       16%         2
 Jinxbite                 Hex            34%        N/A       16%         2
 Conjure Ball Lightning   Conj/Air       41%        3x3d13    17%         6
 Starburst                Conj/Fire      41%        6d12      17%         6
 Yara's Violent Unravell  Hex/Alch       17%        3d8       26%         5
 Fugue of the Fallen      Necr           17%        N/A       30%         3
 Summon Ice Beast         Ice/Summ       17%        N/A       30%         3
 Swiftness                Air            17%        N/A       30%         3
 Tukima's Dance           Hex            17%        N/A       30%         3
 Alistair's Intoxication  Alch           34%        N/A       36%         5
 Anguish                  Hex/Necr       8%         N/A       71%         4
 Animate Dead             Necr           17%        N/A       71%         4
 Passage of Golubria      Tloc           17%        N/A       71%         4
 Vhi's Electric Charge    Tloc/Air       34%        N/A       71%         4
 Sculpt Simulacrum        Ice/Alch       17%        N/A       99%         6
 Death Channel            Necr           8%         N/A       100%        6
 Malign Gateway           Summ/Tloc      8%         N/A       100%        7
 Maxwell's Capacitive Co  Air            8%         ∞         100%        8
 Summon Horrible Things   Summ           8%         N/A       100%        8


Dungeon Overview and Level Annotations

Branches:
Dungeon (14/15)            Temple (1/1) D:4            Lair (5/5) D:10
  Swamp (0/4) Lair:2       Spider (0/4) Lair:3        Slime (0/5) Lair:5
    Orc (0/2) D:11         Vaults (0/5) D:13        Ossuary (visited)

Altars:
Ashenzari
Cheibriados
Dithmenos
Elyvilon
Fedhas
Gozag
Hepliaklqana
Kikubaaqudgha
Makhleb
Nemelex Xobeh
Okawaru
Qazlal
Ru
Sif Muna
Trog
Uskayaw
Vehumet
Wu Jian
Xom
Yredelemnul
Zin
The Shining One

Shops:
D:3 =   D:7 [

Annotations:
D:9 3 runed translucent doors, exclusion: downstairs, KineticRobot's ghost, novice VSEn
Lair:1 exclusion: oklob plant
Lair:2 exclusion: oklob plant
Lair:4 exclusion: oklob plant


Innate Abilities, Weirdness & Mutations

You are immune to sickness and miasma.
Your stone body is resilient. (AC +11)
You are immune to poison.
Your large and strong wings let you fly.
You resist negative energy. (rN+)
You are resistant to electric shocks. (rElec)
You are resistant to unholy torment.
You are immune to petrification.


Message History

You block the phantasmal warrior's attack.
The death knight mumbles some strange prayers to Yredelemnul against you.
You resist with significant effort.
You fly upwards.
There is a stone staircase leading down here.
You barely miss the death knight.
The death knight is almost dead.
The phantasmal warrior hits you!
* * * LOW HITPOINT WARNING * * *
The death knight hits you with a +0 great sword!!
* * * LOW HITPOINT WARNING * * *
You are confused.
You feel invigorated.
The phantasmal warrior closely misses you.
The death knight mumbles some strange prayers to Yredelemnul against you.
Your body is wracked with pain!
* * * LOW HITPOINT WARNING * * *
You feel much better.
The phantasmal warrior hits you but does no damage.
The death knight invokes the aid of Yredelemnul against you.
You resist with significant effort.
You bump into the metal wall.
You feel less invigorated.
You feel less confused. The phantasmal warrior hits you.
The death knight barely misses you.
You barely miss the death knight.
The death knight is almost dead.
The phantasmal warrior hits you!!
* * * LOW HITPOINT WARNING * * *
The death knight mumbles some strange prayers to Yredelemnul against you.
You resist with significant effort. The phantasmal warrior misses you.
Casting: Sandblast (safe; 0% risk of failure)
Confirm with . or Enter, or press ? or * to list all spells.
Aiming: Bombard (dangerous; 1% risk of failure)
Press: ? - help, Shift-Dir - straight line, f - death knight
Aim: a death knight, wielding a +0 great sword and wearing a +0 chain mail (almost dead, 79% to hit)
You feel a surge of power!
The iron shot hits the death knight!!!
You kill the death knight!
Vehumet accepts your kill.
You feel your power returning. The phantasmal warrior hits you!!
You die...

#.###...#....#.###['.∩§'§#.....##
#.......#.##...# ###...#§#####...
........#.####.###)'...'~###.....
...:......# #..####..~#.##......
#######.######..##['...'.##..####
.............#...###...#.##......
######...###.##.##['...'≈###.####
#...#.#....W###..~#§# #.#...
#...#.#...)@#.'...'.###.#.##
#.###.#.#######..~#§##......
#.....#[#####['...'§##..####
############....####'''###......#
..............#.#............####
#############.#.#...#........#
......# #.#.#...#..=)....#
#####.# #.#.#...#........# #.#
#.#.#.###........####


You could see a phantasmal warrior.

Vanquished Creatures
  An eleionoma (Lair:2)
  The ghost of Atreck the Severer, a journeyman MiBe of Trog (Lair:3)
  Josephine (D:11)
  Fannar (D:10)
  7 vault guards (D:13)
  2 ice dragons (Lair:5)
  A death knight (D:13)
  2 hydras (Lair:5)
  5 boulder beetles
  2 catoblepae
  3 two-headed ogres (D:10)
  4 death yaks
  2 skysharks
  Amaemon (D:8)
  A swamp dragon (Lair:5)
  A phantasmal warrior (D:14)
  4 lindwurms (Lair:5)
  3 cyclopes
  An oklob plant (Lair:3)
  A moth of wrath (shapeshifter) (D:12)
  13 elephants
  A meliai (Lair:3)
  10 torpor snails (Lair:5)
  3 black mambas
  8 cane toads
  An orange demon (D:8)
  A gargoyle (D:12)
  A rime drake (Lair:4)
  15 komodo dragons
  A freezing wraith (D:14)
  A tengu conjurer (D:13)
  Psyche (D:9)
  2 queen bees
  2 polar bears
  6 trolls
  3 tyrant leeches (Lair:5)
  7 hornets
  29 blink frogs
  7 dream sheep (Lair:5)
  Grinder (D:6)
  A shadow (D:10)
  5 slime creatures
  Sigmund (D:4)
  A vampire (D:13)
  3 water elementals (D:13)
  3 wyverns
  69 yaks
  4 wraiths
  7 basilisks
  4 humans (D:13)
  4 steam dragons
  15 vampire mosquitoes
  17 water moccasins
  3 acid dragons
  2 hell hounds (Lair:3)
  3 orc warriors
  2 swamp drakes (Lair:5)
  A sky beast (D:7)
  4 ice beasts
  3 ogres
  2 black bears
  A centaur (D:9)
  11 wolves
  5 scorpions
  17 bullfrogs
  A gnoll sergeant (D:9)
  3 water moccasin zombies (Ossuary)
  2 burial acolytes
  5 wights (D:7)
  54 killer bees
  8 howler monkeys
  8 electric eels
  A bombardier beetle (D:4)
  A hound (D:6)
  2 jellies (Lair:5)
  Crazy Yiuf (D:4)
  9 orc priests
  2 spectral scorpions (Ossuary)
  4 iguanas
  2 gnoll boudas
  3 orc wizards
  A crocodile zombie (Ossuary)
  2 mummies (Ossuary)
  13 gnolls
  8 adders
  3 shadow imps
  A white imp (D:8)
  7 adder zombies
  A dart slug (D:4)
  39 orcs
  4 bats
  5 endoplasms
  4 giant cockroaches
  10 gnoll zombies (Ossuary)
  13 goblins
  8 hobgoblins
  4 jackals (D:3)
  5 quokkas
  14 ball pythons
  6 frilled lizards
  2 jackal zombies
  9 kobolds
  An orc zombie (Ossuary)
  4 rats
615 creatures vanquished.

Vanquished Creatures (collateral kills)
  Pikel (D:4)
  An orc warrior (D:4)
2 creatures vanquished.

Grand Total: 617 creatures vanquished

Notes
Turn   | Place    | Note
-------+----------+-------------------------------------------
     0 | D:1      | gohu the Gargoyle Earth Elementalist began the quest for
                  | the Orb.
     0 | D:1      | Reached XP level 1. HP: 10/10 MP: 3/3
    75 | D:1      | Reached skill level 4 in Earth Magic
   159 | D:1      | Reached XP level 2. HP: 15/15 MP: 0/5
   582 | D:1      | Reached XP level 3. HP: 19/19 MP: 4/6
   586 | D:1      | Learned a level 3 spell: Stone Arrow
   652 | D:1      | Reached skill level 5 in Earth Magic
  1365 | D:2      | Reached XP level 4. HP: 24/24 MP: 4/7
  1563 | D:2      | Got the Spellbook of Voltaic Striking
  1811 | D:3      | Reached skill level 6 in Earth Magic
  2435 | D:3      | Found a transporter.
  2438 | D:3      | Found Imnestrofo's Jewellery Shoppe.
  2440 | D:3      | Found a transporter.
  2472 | D:3      | Reached XP level 5. HP: 28/28 MP: 6/8
  2906 | D:4      | Noticed an ogre
  2988 | D:4      | Reached skill level 1 in Fighting
  3098 | D:4      | Found a staircase to the Ecumenical Temple.
  3109 | Temple   | Entered the Ecumenical Temple
  3138 | Temple   | Became a worshipper of Vehumet
  3170 | D:4      | Noticed Pikel
  3170 | D:4      | Noticed a lemure
  3170 | D:4      | Noticed a lemure
  3170 | D:4      | Noticed a lemure
  3194 | D:4      | Noticed a lemure
  3206 | D:4      | Killed Pikel
  3207 | D:4      | Reached skill level 5 in Conjurations
  3207 | D:4      | Reached XP level 6. HP: 37/37 MP: 8/11
  3207 | D:4      | Reached XP level 7. HP: 41/41 MP: 8/12
  3653 | D:4      | Reached XP level 8. HP: 48/48 MP: 10/13
  3718 | D:4      | Found a faded altar of an unknown god.
  3718 | D:4      | Found the Hermit's Pendant {Faith Invo=14 Evo=0 MP+5}
  3885 | D:4      | Found a runed translucent door.
  3886 | D:4      | Noticed Crazy Yiuf
  3895 | D:4      | Killed Crazy Yiuf
  4165 | D:4      | Noticed Sigmund
  4169 | D:4      | Killed Sigmund
  4198 | D:4      | Found a white marble altar of Elyvilon.
  4258 | D:5      | Entered Level 5 of the Dungeon
  4926 | D:6      | Noticed Grinder
  4953 | D:6      | Noticed a wyvern
  4955 | D:6      | Killed a wyvern
  4956 | D:6      | Reached skill level 5 in Fighting
  4956 | D:6      | Reached skill level 7 in Earth Magic
  4983 | D:6      | Reached XP level 9. HP: 54/54 MP: 15/19
  5152 | D:6      | Killed Grinder
  5153 | D:6      | Reached skill level 5 in Spellcasting
  5201 | D:6      | Found a blossoming altar of Fedhas.
  5206 | D:6      | Found a sand-covered staircase.
  5212 | D:6      | Reached * piety under Vehumet
  5212 | D:6      | Offered knowledge of Freeze by Vehumet.
  5223 | D:6      | Reached skill level 8 in Earth Magic
  5263 | Ossuary  | Entered an ossuary
  5446 | Ossuary  | Learned a level 5 spell: Iskenderun's Battlesphere
  5471 | Ossuary  | Offered knowledge of Shock by Vehumet.
  5473 | Ossuary  | Reached ** piety under Vehumet
  5718 | D:6      | Found a shadowy altar of Dithmenos.
  5719 | D:6      | Identified the +0 mace of Unpleasantness {spect, rElec
                  | rCorr Dex-4 Stlth+}
  5724 | D:6      | Found an ornate altar of the Wu Jian Council.
  6194 | D:7      | Offered knowledge of Inner Flame by Vehumet.
  6207 | D:7      | Reached skill level 9 in Earth Magic
  6361 | D:7      | Reached *** piety under Vehumet
  6362 | D:7      | Reached XP level 10. HP: 61/61 MP: 20/20
  6553 | D:7      | Found Volair's Antique Armour Boutique.
  6624 | D:7      | Found an iron altar of Okawaru.
  6793 | D:7      | Found a hide-covered altar of Uskayaw.
  6794 | D:7      | Found a bloodstained altar of Trog.
  6814 | D:7      | Found a stormy altar of Qazlal.
  7129 | D:7      | Learned a level 3 spell: Passwall
  7134 | D:7      | Bought a glowing helmet for 195 gold pieces
  7134 | D:7      | Bought a pair of runed gloves for 195 gold pieces
  7286 | D:8      | Noticed Amaemon
  7286 | D:8      | Noticed an orange demon
  7296 | D:8      | Killed Amaemon
  7297 | D:8      | Reached skill level 10 in Earth Magic
  7301 | D:8      | Killed an orange demon
  7434 | D:8      | Found a sacrificial altar of Ru.
  7760 | D:8      | Found an ancient bone altar of Kikubaaqudgha.
  8063 | D:9      | Offered knowledge of Ignite Poison by Vehumet.
  8191 | D:9      | Reached skill level 10 in Conjurations
  8199 | D:9      | Reached skill level 11 in Earth Magic
  8384 | D:9      | Reached **** piety under Vehumet
  8462 | D:9      | Reached XP level 11. HP: 63/67 MP: 21/21
  8480 | D:9      | Offered knowledge of Sticky Flame by Vehumet.
  8609 | D:9      | Found a runed translucent gate.
  8609 | D:9      | Noticed KineticRobot's ghost (novice VSEn)
  8610 | D:9      | Found a runed translucent gate.
  8610 | D:9      | Found a runed translucent gate.
  8789 | D:9      | Noticed Psyche
  8792 | D:9      | Killed Psyche
  8954 | D:10     | Entered Level 10 of the Dungeon
  8954 | D:10     | Noticed Fannar
  8954 | D:10     | Noticed a two-headed ogre
  8992 | D:10     | Noticed a two-headed ogre
  8996 | D:10     | Killed a two-headed ogre
  9095 | D:10     | Reached skill level 1 in Armour
  9393 | D:10     | Found a staircase to the Lair.
  9394 | D:10     | Noticed a cyclops
  9425 | D:10     | Killed a cyclops
  9426 | D:10     | Reached skill level 12 in Earth Magic
  9594 | D:10     | Reached ***** piety under Vehumet
  9675 | D:10     | Offered knowledge of Freezing Cloud by Vehumet.
 10137 | D:10     | Killed Fannar
 10330 | D:10     | Killed a two-headed ogre
 10457 | D:10     | Noticed a two-headed ogre
 10462 | D:10     | Killed a two-headed ogre
 10463 | D:10     | Reached XP level 12. HP: 75/75 MP: 20/23
 11098 | Lair:1   | Entered Level 1 of the Lair of Beasts
 11104 | Lair:1   | Reached skill level 13 in Earth Magic
 11545 | Lair:1   | Noticed a boulder beetle
 11558 | Lair:1   | Killed a boulder beetle
 11685 | Lair:1   | Noticed a catoblepas
 11702 | Lair:1   | Killed a catoblepas
 11702 | Lair:1   | HP: 1/76 [yak (10)]
 12310 | Lair:1   | Reached skill level 5 in Armour
 12823 | Lair:2   | Noticed a catoblepas
 12849 | Lair:2   | Killed a catoblepas
 13336 | Lair:2   | Reached skill level 10 in Fighting
 13690 | Lair:2   | Noticed a death yak
 13690 | Lair:2   | Noticed a death yak
 13691 | Lair:2   | Noticed a death yak
 13725 | Lair:2   | Noticed a death yak
 13729 | Lair:2   | Killed a death yak
 13730 | Lair:2   | Reached XP level 13. HP: 71/83 MP: 10/25
 13966 | Lair:2   | Found a staircase to the Swamp.
 13969 | Lair:2   | Noticed an eleionoma
 13977 | Lair:2   | Killed an eleionoma
 14137 | Lair:2   | Offered knowledge of Airstrike by Vehumet.
 14565 | Lair:2   | Reached skill level 5 in Dodging
 15792 | Lair:3   | You fall into a shaft and drop 1 floor!
 15794 | Lair:4   | Found a bloodstained altar of Trog.
 16106 | Lair:3   | Found a hole to the Spider Nest.
 16175 | Lair:3   | Noticed Atreck's ghost (journeyman MiBe)
 16208 | Lair:3   | Found a transporter.
 16210 | Lair:3   | Found a transporter.
 16403 | Lair:3   | Offered knowledge of Plasma Beam by Vehumet.
 17163 | Lair:3   | Killed Atreck's ghost
 17803 | D:3      | Bought a +6 ring of intelligence for 504 gold pieces
 18053 | Lair:2   | Reached skill level 1 in Alchemy
 18290 | Lair:3   | Gained mutation: Your large and strong wings let you fly.
                  | [Gargoyle growth]
 18290 | Lair:3   | Reached XP level 14. HP: 73/92 MP: 12/26
 18597 | Lair:4   | Learned a level 7 spell: Orb of Destruction
 18664 | Lair:4   | Reached skill level 14 in Earth Magic
 18803 | Lair:4   | Found the +10 Black Knight's barding {ponderous, rPois rN+}
 19535 | Lair:5   | Entered Level 5 of the Lair of Beasts
 19842 | Lair:5   | Reached ****** piety under Vehumet
 20364 | Lair:5   | Identified the +4 hand axe of Extremism {flame, Stlth+}
 20436 | Lair:5   | Reached skill level 15 in Earth Magic
 20509 | Lair:5   | Found a staircase to the Slime Pits.
 20512 | Lair:5   | Offered knowledge of Bombard by Vehumet.
 20799 | Lair:5   | Found a snail-covered altar of Cheibriados.
 21014 | Lair:5   | Learned a level 6 spell: Bombard
 21772 | Lair:5   | Reached skill level 5 in Alchemy
 22354 | Lair:5   | Reached XP level 15. HP: 85/96 MP: 17/28
 23394 | D:7      | Bought a shimmering ring mail for 234 gold pieces
 23394 | D:7      | Identified the +5 ring mail of Midsummer {-Tele rPois
                  | Str+2} (You bought it in a shop on level 7 of the Dungeon)
 23741 | D:11     | Found a staircase to the Orcish Mines.
 23931 | D:11     | Noticed Josephine
 23945 | D:11     | Reached skill level 16 in Earth Magic
 23949 | D:11     | Killed Josephine
 24497 | D:11     | Reached skill level 15 in Conjurations
 25518 | D:12     | Reached skill level 1 in Evocations
 27083 | D:13     | Identified the +8 plate armour of the Harp {Dex+4 Slay-4}
 27089 | D:13     | Reached skill level 1 in Shields
 27214 | D:13     | Found a gate to the Vaults.
 27923 | D:13     | Slain by a phantasmal warrior

Illustrated notes

Levels and vault maps discovered:
D:1:      erik_arrival_orb_chamber, layout_loops_ring,
          chequers_serial_rivers_small_a
D:2:      layout_loops_ring, grunt_decor_arrowhead, minmay_heptomino_d4
D:3:      minmay_octagon_keep, layout_basic, serial_shops,
          nicolae_shop_drivethru
D:4:      layout_loops_ring, mainiacjoe_overflow_alcove_2,
          minmay_temple_entry_drinking_statues, grunt_ministairs_10,
          hellmonk_guarded_unrand_hermit, uniq_crazy_yiuf_cottage, uniq_pikel,
          uniq_sigmund
D:5:      layout_gridville
D:6:      layout_basic, nicolae_dithmenos_through_a_glass_darkly,
          mainiacjoe_overflow_catwalk, mainiacjoe_overflow_alcove_1,
          serial_rivers, chequers_serial_rivers_small_b,
          chequers_serial_rivers_micro_b, chequers_serial_rivers_micro_a,
          chequers_serial_rivers_micro_b, chequers_serial_rivers_marsh,
          chequers_serial_rivers_small_3, enter_ossuary_1, uniq_grinder
D:7:      layout_loops_corners, okawaru_gym_becter,
          nicolae_qazlal_general_emergency, nicolae_overflow_squiral,
          serial_shops, nicolae_shop_statue_plus
D:8:      layout_loops_cross, nicolae_overflow_hidden_temple,
          lemuel_zombie_altar_kikubaaqudgha, uniq_amaemon
D:9:      layout_basic, gammafunk_ghost_nasty_kobolds,
          hangedman_decor_clover_reticule, uniq_psyche
D:10:     layout_basic, grunt_lair_entry_orc_guard_hut, special_room
          [special_room_orc], uniq_fannar
D:11:     layout_gridville, orc_0_dummy, uniq_josephine
D:12:     layout_roguey, lemuel_flamethrower_2
D:13:     erik_rubicon_b, layout_basic, ximxim_vaults_locker_room
D:14:     layout_long_grid, nicolae_uskayaw_dance_hall
Temple:   nicolae_temple_godzebo
Lair:1:   layout_cave_pods
Lair:2:   layout_roguey [special_room_bee], alex1729_swamp_entry_worm_eleionoma,
          wad_woods_river_01
Lair:3:   layout_hall_layers, hellmonk_spider_entry_not_the_bees,
          enter_volcano_3, gammafunk_ghost_hive, minmay_hedge_maze,
          minmay_lair_oklob_items, infiniplex_staircase_pool_2
Lair:4:   layout_hall_layers, lemuel_oklob_altar
Lair:5:   wormcave, layout_regular_city, guppyfry_lair_end_dragon,
          minmay_slime_entry_pillars, st_stairs_13, kennysheep_snail_temple,
          lemuel_fruit_tree

Skill      XL: |  1  2  3  4  5  6  7  8  9 10 11 12 13 14 15 |
---------------+----------------------------------------------+-----
Earth Magic    | 4 5 6 7 9 11 12 13 15 16 | 16.6
Fighting       | 3 5 6 7 8 10 12 | 12.0
Conjurations   | 5 7 8 10 11 12 14 15 | 15.4
Spellcasting   | 3 4 5 6 7 8 9 |  9.7
Armour         | 3 6 9 |  9.1
Dodging        | 3 6 |  6.1
Alchemy        | 1 5 |  5.0
Evocations     | 2 |  2.0
Shields        | 2 |  2.1
Stealth        | |  2.1

Action                     |  1- 3 |  4- 6 |  7- 9 | 10-12 | 13-15 || total
---------------------------+-------+-------+-------+-------+-------++-------
  Melee: Flail             |       |       |     1 |     1 |    79 ||    81
         Punch             |       |       |       |       |     5 ||     5
         Staff             |       |       |       |       |    16 ||    16
  Throw: Dart              |       |       |     3 |       |       ||     3
         Boomerang         |       |       |       |    10 |     3 ||    13
   Cast: Sandblast         |    50 |    58 |   146 |   317 |   487 ||  1058
         Stone Arrow       |       |       |    15 |   119 |   438 ||   572
         Iskenderun's Batt |       |       |       |     8 |     8 ||    16
         Passwall          |       |       |       |     1 |     2 ||     3
         Orb of Destructio |       |       |       |       |    22 ||    22
         Bombard           |       |       |       |       |     5 ||     5
  Evoke: Box of beasts     |       |     1 |     1 |       |     1 ||     3
         Wand              |       |       |       |     2 |       ||     2
    Use: Scroll            |       |       |       |     8 |    13 ||    21
         Potion            |       |       |       |     1 |     9 ||    10
 Armour: Robe              |     8 |     9 |    42 |   252 |   538 ||   849
  Dodge: Dodged            |    11 |    20 |    26 |   186 |   372 ||   615
  Block: Kite shield       |       |       |       |       |     4 ||     4
